 Dungeon Crawl Stone Soup version 0.32-a0-450-g080537f31e (webtiles) character file.

Game seed: 3709816986143925431

5 Goblin1989 the Sneak (level 1, -1/18 HPs)
             Began as a Demonspawn Delver on Feb 23, 2024.
             Succumbed to an adder's poison
             ... on level 6 of the Dungeon.
             The game lasted 00:01:10 (146 turns).

Goblin1989 the Sneak (Demonspawn Delver)             Turns: 146, Time: 00:01:10

Health: -1/18      AC:  3    Str: 12    XL:     1   Next: 66%
Magic:  1/1        EV: 11    Int: 10    God:
Gold:   0          SH:  0    Dex: 14    Spells: 0/0 levels left

rFire   . . .        a - +0 short sword
rCold   . . .        (no shield)
rNeg    . . .        b - +0 leather armour
rPois   .            (no helmet)
rElec   .            (no cloak)
rCorr   .            (no gloves)
SInv    .            (no boots)
Will    .....        (no amulet)
Stlth   +++          (no ring)
HPRegen 0.23/turn    (no ring)
MPRegen 0.07/turn

%: no passive effects
@: lethally poisoned (-1 -> -9), attractive
A: no striking features
a: no special abilities


You were on level 6 of the Dungeon.
You visited 1 branch of the dungeon, and saw 2 of its levels.

Inventory:

Hand Weapons
 a - a +0 short sword (weapon)
Armour
 b - a +0 leather armour (worn)
Wands
 g - a wand of digging (3) {@v3}
Scrolls
 c - a scroll of fog
 d - a scroll of revelation
 e - a scroll of fear
Potions
 f - a potion of haste {@q3,}


   Skills:
 - Level 3.0 Fighting
 + Level 2.0 Short Blades
 - Level 1.7 Dodging
 + Level 4.6 Stealth


You couldn't memorise any spells.
You didn't know any spells.
Your spell library was empty.

Dungeon Overview and Level Annotations

Branches:
Dungeon (6/15) Zot: 11856
 Temple: D:4-7

Altars:


Message History

Found a ring mail.
There is a stone staircase leading up here.
You hit the ufetubus but do no damage. The ufetubus hits you.
The ufetubus closely misses you.
You take 1 damage, and have 17/18 hp.
You barely miss the ufetubus. The ufetubus barely misses you.
The ufetubus closely misses you. x2; The ufetubus barely misses you.
Health restored: 18 You barely miss the ufetubus.
The ufetubus barely misses you. The ufetubus hits you.
You take 2 damage, and have 16/18 hp.
You completely miss the ufetubus.
The ufetubus hits you but does no damage.
The ufetubus hits you. The ufetubus barely misses you. The ufetubus misses you.
You take 1 damage, and have 15/18 hp.
You hit the ufetubus.
The ufetubus is moderately wounded.
The ufetubus barely misses you. The ufetubus hits you.
You take 1 damage, and have 14/18 hp.
You miss the ufetubus.
The ufetubus is moderately wounded.
The ufetubus barely misses you. The ufetubus closely misses you. x2
The ufetubus hits you but does no damage.
You closely miss the ufetubus.
The ufetubus is moderately wounded.
The ufetubus hits you. x2
You take 6 damage, and have 9/18 hp.
MASSIVE DAMAGE!!
You hit the ufetubus.
The ufetubus is heavily wounded.
The ufetubus barely misses you. The ufetubus misses you.
You hit the ufetubus.
The ufetubus is almost dead.
The ufetubus misses you. The ufetubus barely misses you. The ufetubus hits you.
* * * LOW HITPOINT WARNING * * *
The ufetubus misses you.
You take 1 damage, and have 8/18 hp.
You miss the ufetubus.
The ufetubus is almost dead.
The ufetubus hits you.
* * * LOW HITPOINT WARNING * * *
The ufetubus hits you.
* * * LOW HITPOINT WARNING * * *
You take 7 damage, and have 1/18 hp.
MASSIVE DAMAGE!!
You hit the ufetubus.
You kill the ufetubus!
Your Short Blades skill increases to level 2!
There is a stone staircase leading up here.
You start resting.
HP restored.
Health restored: 18
Found a stone staircase leading down.
Found an inky potion.
h - an inky potion An adder comes into view.
The adder hisses angrily.
You hit the adder but do no damage. The adder barely misses you.
You barely miss the adder. The adder bites you.
You are poisoned.
The adder poisons you!
You take 2 damage, and have 16/18 hp.
You hit the adder.
The adder is heavily wounded.
You feel sick. The adder bites you.
You take 5 damage, and have 11/18 hp.
MASSIVE DAMAGE!!
You closely miss the adder.
The adder is heavily wounded.
You feel sick. The adder closely misses you.
You take 1 damage, and have 10/18 hp.
You closely miss the adder.
The adder is heavily wounded.
You feel sick. The adder closely misses you.
You barely miss the adder.
The adder is heavily wounded.
You feel sick. The adder bites you but does no damage. The adder bites you.
* * * LOW HITPOINT WARNING * * *
You are more poisoned.
The adder poisons you!
You take 2 damage, and have 8/18 hp.
You miss the adder.
The adder is heavily wounded.
You feel sick. The adder bites you but does no damage.
You take 1 damage, and have 7/18 hp.
You barely miss the adder.
The adder is heavily wounded.
You feel sick. The adder bites you but does no damage.
You take 1 damage, and have 6/18 hp.
You hit the adder.
The adder is almost dead.
You feel sick. The adder bites you but does no damage.
You take 1 damage, and have 5/18 hp.
You closely miss the adder.
The adder is almost dead.
You feel sick. The adder bites you.
* * * LOW HITPOINT WARNING * * *
You are more poisoned.
The adder poisons you!
You take 4 damage, and have 1/18 hp.
MASSIVE DAMAGE!!
It was a potion of attraction.
You feel attractive to monsters.
You die...

█...█ █.███
██.█ ██..█
█..██ █.██
███.█
█.██████...█
█......@S███
█████>.███


████ █.██ ... █.█ █.██.█ █.<█.█ █....█ █.....[.███ █████████ You could see an
adder.

Vanquished Creatures
  An ufetubus (D:6)
1 creature vanquished.

Notes
Turn   | Place    | Note
-------+----------+-------------------------------------------
     0 | D:5      | Goblin1989 the Demonspawn Delver began the quest for the
                  | Orb.
     0 | D:5      | Reached XP level 1. HP: 18/18 MP: 1/1
   146 | D:6      | Succumbed to an adder's poison

Illustrated notes

Levels and vault maps discovered:
D:5:      layout_basic, lemuel_doored_altar, mainiacjoe_overflow_cross_hatched,
          uniq_menkaure
D:6:      layout_basic, amcnicky_mini_pool_small, uniq_grinder

Skill      XL: |  1 |
---------------+----+-----
Short Blades   | 2 |  2.0
Fighting       | |  3.0
Dodging        | |  1.7
Stealth        | |  4.6

Action                     || total
---------------------------++-------
  Melee: Short sword       ||    21
    Use: Potion            ||     1
 Armour: Leather armour    ||    19
  Dodge: Dodged            ||    22

Table legend: (Time is in decaauts)
 A = Elapsed time spent in this place.
 B = Non-inter-level travel time spent in this place.
 C = Inter-level travel time spent in this place.
 D = Time resting spent in this place.
 E = Time spent auto-exploring this place.
 F = Levels seen in this place.
 G = Mean time per level.
                   A        B        C        D        E       F      G
               +--------+--------+--------+--------+--------+-----+--------+
         Total |    143 |    143 |      0 |     68 |      0 |   2 |   71.5 |
       Dungeon |    143 |    143 |      0 |     68 |      0 |   2 |   71.5 |
               +--------+--------+--------+--------+--------+-----+--------+

Top non-repeatable levels by time:
     D:6: 123 daAuts
     D:5: 20 daAuts
